 Seeded DCSS version 0.30-a0-719-gcc4359ea44 (webtiles) character file.

Game seed: 5430720872467839093 (custom seed)

808 valliere the Charlatan (level 7, -4/36 HPs)
             Began as a Spriggan Artificer on Jan 26, 2023.
             Was an Initiate of Ru.
             Slain by a two-headed ogre
             ... wielding a +0 giant spiked club
              (14 damage)
             ... on level 5 of the Dungeon.
             The game lasted 00:11:42 (4242 turns).

valliere the Charlatan (Spriggan Artificer)         Turns: 4242, Time: 00:11:43

Health: -4/36      AC:  6    Str: 14    XL:     7   Next: 60%
Magic:  17/17      EV: 20    Int: 15    God:    Ru [......]
Gold:   637        SH:  0    Dex: 17    Spells: 6/6 levels left

rFire   . . .      SeeInvis +    p - +2 lajatang (elec)
rCold   + . .      Faith    +    (shield currently unavailable)
rNeg    . . .      Spirit   .    q - +4 robe of Raubbexi {MP+9}
rPois   .          Reflect  .    (helmet restricted)
rElec   .          Harm     .    (no cloak)
rCorr   .          Rampage  .    (gloves unavailable)
Will    +....                    (boots unavailable)
Stlth   +++                      r - amulet "Daimmyhu" {Faith rC+ Dex+2}
HPRegen 0.26/turn                n - +6 ring of strength
MPRegen 0.15/turn                (no ring)

@: studying Fighting, very quick
A: very small, no large weapons, unfitting armour, see invisible, speed 3,
subdued magic 1
a: Renounce Religion


You were on level 5 of the Dungeon.
You worshipped Ru.
Ru was noncommittal.
You visited 2 branches of the dungeon, and saw 6 of its levels.

You collected 1064 gold pieces.
You spent 427 gold pieces at shops.

Inventory:

Hand Weapons
 a - a +0 club
 f - a +0 short sword
 p - a +2 lajatang of electrocution (weapon)
 B - the +3 short sword of the Manifold Quests {flame, rElec Int+5}
   (You took it off an orc priest on level 3 of the Dungeon)

   Int:       It affects your intelligence (+5).
   rElec:     It insulates you from electricity.
Armour
 b - a +0 robe
 q - the +4 robe of Raubbexi (worn) {MP+9}
   (You acquired it on level 2 of the Dungeon)

   MP:        It affects your magic capacity (+9).
 F - the +2 robe of Binutifa {rPois Dex+5}
   (You found it on level 3 of the Dungeon)

   Dex:       It affects your dexterity (+5).
   rPois:     It protects you from poison.
Jewellery
 n - a +6 ring of strength (left hand)
 r - the amulet "Daimmyhu" (around neck) {Faith rC+ Dex+2}
   (You acquired it on level 2 of the Dungeon)

   [amulet of faith]

   It allows you to gain divine favour quickly.
   Dex:       It affects your dexterity (+2).
   rC:        It protects you from cold.
 v - a ring of protection from cold
 I - a ring of positive energy
Wands
 c - a wand of flame (13) (quivered)
 d - a wand of charming (15)
 e - a wand of iceblast (5)
 D - a wand of mindburst (22)
 G - a wand of roots (5)
Scrolls
 g - 3 scrolls of teleportation {unknown}
 i - 3 scrolls of amnesia
 k - 2 scrolls of noise
 l - a scroll of identify
 m - a scroll of torment {unknown}
 o - a scroll of brand weapon {unknown}
 s - 4 scrolls of enchant armour
 t - a scroll of fog {unknown}
 u - a scroll of immolation {unknown}
 w - 2 scrolls of blinking
 x - a scroll of fear
 y - a scroll of poison {unknown}
 A - a scroll of silence {unknown}
 J - a scroll of butterflies {unknown}
 K - 2 scrolls of magic mapping {unknown}
Potions
 h - 3 potions of attraction
 j - 3 potions of curing
 z - a potion of degeneration {unknown}
 C - 2 potions of lignification
 E - a potion of ambrosia {unknown}
 H - 2 potions of berserk rage
 L - a potion of magic {unknown}
 M - a potion of brilliance {unknown}


   Skills:
 * Level 3.0 Fighting
 * Level 3.0 Staves
 + Level 5.8 Dodging
 + Level 5.9 Stealth
 + Level 6.9 Evocations


You had 6 spell levels left.
You didn't know any spells.
Your spell library contained the following spells:

 Spells                   Type           Power      Damage    Failure   Level
 Static Discharge         Conj/Air       0%         2-2/arc   34%         2
 Vhi's Electric Charge    Tloc/Air       0%         N/A       58%         3
 Arcjolt                  Conj/Air       0%         1d10      100%        5
 Lightning Bolt           Conj/Air       0%         1d11      100%        5


Dungeon Overview and Level Annotations

Branches:
Dungeon (5/15)             Temple (1/1) D:4

Altars:
Cheibriados
Dithmenos
Hepliaklqana
Nemelex Xobeh
Okawaru
Ru
Sif Muna
Uskayaw
Vehumet
Wu Jian
Xom
Yredelemnul
Zin
The Shining One

Shops:
D:2 ?

Annotations:
D:4 1 runed translucent door, hikkokomori's ghost, amateur VSFi


Innate Abilities, Weirdness & Mutations

You are very small and have problems with some larger weapons.
You are too small for most types of armour.
You have supernaturally acute eyesight. (SInv)
You cover ground extremely quickly. (Speed+++)
Your spells are a little easier to cast, but a little less powerful.


Message History

As you read the scroll of identify, it crumbles to dust.
i - 3 scrolls of amnesia
L - a grey potion
As you read the scroll of identify, it crumbles to dust.
k - 2 scrolls of noise
g - 3 scrolls labelled VADUNN HIYST (gained 1)
H - 2 potions of berserk rage (gained 1)
A scorpion comes into view.
A scorpion is nearby!
Found a scroll labelled XUGREK BUASUPP.
You slash the scorpion!
The scorpion is heavily wounded.
The scorpion misses you.
You hit the scorpion.
The scorpion is severely wounded.
The scorpion closely misses you. The scorpion misses you.
You slash the scorpion! Lightning courses through the scorpion!
You kill the scorpion!
Your Fighting skill increases to level 3!
Your Staves skill increases to level 3!
The ufetubus closely misses you.
The ufetubus hits you but does no damage.
You barely miss the ufetubus. The ufetubus hits you.
The ufetubus barely misses you. x3
You slash the ufetubus!
You kill the ufetubus!
No target in view!
HP restored.
You see here a scorpion corpse.
K - 2 scrolls labelled XUGREK BUASUPP (gained 1)
M - a puce potion You now have 637 gold pieces (gained 7).
A two-headed ogre is nearby!
You slash the two-headed ogre!
The two-headed ogre is lightly wounded.
The two-headed ogre hits you with a +0 giant spiked club!!
Ouch! That really hurt!
* * * LOW HITPOINT WARNING * * *
The two-headed ogre hits you with a +0 giant club!
You die...

........############
#..................#
#.#.###.##########.# #.#.#
#.# #.# #...# #.# # #.#
#.#####.# #.##.########
.....##.# #............
..#.....###.######.#######.
.....##.#.......@....#
....... .#.#..O##.#.#
....##.. #.'... .....#
....# ..# ###... .#...#
....# .# #..... ...# ....#
####.. ...# ....# ... #.##
....# .# ....#


You could see a two-headed ogre.

Vanquished Creatures
  An ice beast (D:5)
  Blork the orc (D:4)
  2 scorpions
  A necrophage (D:2)
  2 orc priests
  A hound (D:4)
  2 iguanas
  4 orc wizards
  9 gnolls
  4 adders
  A white imp (D:4)
  An ufetubus (D:5)
  3 worms (D:4)
  A dart slug (D:4)
  5 orcs
  3 bats
  8 endoplasms
  3 giant cockroaches
  7 hobgoblins
  7 jackals
  6 kobolds
  5 quokkas
  8 ball pythons
  2 frilled lizards
  4 goblins
  3 rats
94 creatures vanquished.

Notes
Turn   | Place    | Note
-------+----------+-------------------------------------------
     0 | D:1      | valliere the Spriggan Artificer began the quest for the
                  | Orb.
     0 | D:1      | Reached XP level 1. HP: 9/9 MP: 2/2
    44 | D:1      | Gained mutation: Your spells are a little easier to cast,
                  | but a little less powerful. [potion of mutation]
   226 | D:1      | Reached XP level 2. HP: 14/14 MP: 3/3
  1093 | D:2      | Identified 3 scrolls of acquirement
  1093 | D:2      | Acquired the +4 robe of Raubbexi {MP+9}
  1095 | D:2      | Acquired a +2 lajatang of electrocution
  1096 | D:2      | Acquired the amulet "Daimmyhu" {Faith rC+ Dex+2}
  1127 | D:2      | Reached skill level 5 in Evocations
  1127 | D:2      | Reached XP level 3. HP: 17/17 MP: 4/4
  1359 | D:2      | Noticed a necrophage
  1364 | D:2      | Killed a necrophage
  1365 | D:2      | Reached XP level 4. HP: 17/21 MP: 5/5
  1441 | D:2      | Acquired 893 gold pieces
  1696 | D:2      | Found Doddoiw's Magic Scroll Shoppe.
  1701 | D:2      | Bought a scroll of identify for 28 gold pieces
  1701 | D:2      | Bought a scroll of enchant armour for 105 gold pieces
  1701 | D:2      | Bought a scroll of enchant armour for 105 gold pieces
  1701 | D:2      | Bought a scroll of identify for 28 gold pieces
  1701 | D:2      | Bought a scroll of blinking for 105 gold pieces
  1701 | D:2      | Bought a scroll of fear for 56 gold pieces
  1811 | D:3      | Found a faded altar of an unknown god.
  1954 | D:3      | Reached XP level 5. HP: 19/25 MP: 6/6
  1979 | D:3      | Identified the +3 short sword of the Manifold Quests
                  | {flame, rElec Int+5}
  1988 | D:3      | HP: 1/25 [hobgoblin (2)]
  2144 | D:3      | Reached skill level 1 in Staves
  2168 | D:3      | Reached skill level 6 in Evocations
  2231 | D:3      | Found an iron altar of Okawaru.
  2395 | D:3      | Reached XP level 6. HP: 14/29 MP: 7/7
  2399 | D:3      | Reached skill level 5 in Dodging
  2602 | D:3      | Identified the +2 robe of Binutifa {rPois Dex+5}
  3126 | D:4      | Reached skill level 5 in Stealth
  3196 | D:4      | Found a runed translucent door.
  3197 | D:4      | Found a staircase to the Ecumenical Temple.
  3206 | Temple   | Entered the Ecumenical Temple
  3362 | Temple   | Became a worshipper of Ru the Awakened
  3492 | D:4      | Noticed hikkokomori's ghost (amateur VSFi)
  3622 | D:4      | Noticed Blork the orc
  3630 | D:4      | Killed Blork the orc
  3631 | D:4      | Reached skill level 1 in Fighting
  3631 | D:4      | Reached XP level 7. HP: 26/33 MP: 8/8
  4019 | D:5      | Entered Level 5 of the Dungeon
  4020 | D:5      | Noticed a two-headed ogre
  4242 | D:5      | Slain by a two-headed ogre

Illustrated notes

Levels and vault maps discovered:
D:1:      dpeg_arrival_boxes_within_box, layout_basic
D:2:      layout_loops_ring, serial_shops, shop, nicolae_kite_square_tiling_tiny
D:3:      layout_rooms, okawaru_metal_pillars_3, ebering_ecumenical_altar_rust
D:4:      layout_basic, minmay_temple_entry_overgrown, ebering_ghost_sewer_d,
          minmay_manual_monstrance, uniq_blork_the_orc
D:5:      layout_basic, uniq_duvessa
Temple:   oiseaux_autumnal_temple

Skill      XL: |  1  2  3  4  5  6  7 |
---------------+----------------------+-----
Stealth        | 2 3 4 5 |  5.9
Evocations     | 5 6 |  6.9
Dodging        | 4 5 |  5.8
Staves         | 1 2 3 |  3.0
Fighting       | 1 3 |  3.0

Action                     |  1- 3 |  4- 6 |  7- 9 || total
---------------------------+-------+-------+-------++-------
  Melee: Short sword       |    85 |       |       ||    85
         Punch             |     2 |       |       ||     2
         Lajatang          |    19 |   171 |    29 ||   219
  Evoke: Wand              |     2 |       |       ||     2
    Use: Potion            |     1 |       |       ||     1
         Scroll            |     3 |     1 |     5 ||     9
   Stab: Sleeping          |     3 |    10 |     4 ||    17
 Armour: Robe              |     8 |    36 |     6 ||    50
  Dodge: Dodged            |    82 |   182 |    40 ||   304

Table legend: (Time is in decaauts)
 A = Elapsed time spent in this place.
 B = Non-inter-level travel time spent in this place.
 C = Inter-level travel time spent in this place.
 D = Time resting spent in this place.
 E = Time spent auto-exploring this place.
 F = Levels seen in this place.
 G = Mean time per level.
                   A        B        C        D        E       F      G
               +--------+--------+--------+--------+--------+-----+--------+
         Total |   3062 |   2906 |    156 |     89 |   2055 |   6 |  510.3 |
       Dungeon |   2889 |   2752 |    137 |     89 |   1913 |   5 |  577.8 |
        Temple |    172 |    154 |     18 |      0 |    141 |   1 |  172.0 |
               +--------+--------+--------+--------+--------+-----+--------+

Top non-repeatable levels by time:
     D:4: 823 daAuts
     D:1: 726 daAuts
     D:3: 619 daAuts
     D:2: 597 daAuts
  Temple: 172 daAuts
     D:5: 123 daAuts
